 Dungeon Crawl Stone Soup version 0.21-a0-496-g696f58f (webtiles) character file.

135 vineage the Cudgeler (level 5, -6/32 HPs)
             Began as a Gargoyle Fighter on Nov 23, 2017.
             Killed by divine providence
             ... invoked by an orc priest
              (14 damage)
             ... on level 3 of the Dungeon.
             The game lasted 00:02:24 (2052 turns).

vineage the Cudgeler (Gargoyle Fighter)             Turns: 2052, Time: 00:02:25

Health: -6/32      AC: 10    Str: 20    XL:     5   Next: 18%
Magic:  5/5        EV:  7    Int:  9    God:
Gold:   169        SH:  9    Dex:  9    Spells: 4/4 levels left

rFire    . . .     SeeInvis .   a - +0 flail
rCold    . . .     Gourm    .   c - +0 shield
rNeg     + . .     Faith    .   b - +0 scale mail
rPois    ∞         Spirit   .   (no helmet)
rElec    +         Reflect  .   (no cloak)
rCorr    .         Harm     .   (no gloves)
MR       .....                  (no boots)
Stlth    ..........             (no amulet)
HPRegen  0.10/turn              (no ring)
MPRegen  0.09/turn              (no ring)

@: no status effects
A: negative energy resistance 1, electricity resistance, unbreathing,
petrification resistance, rot immunity, AC +4
a: no special abilities


You were on level 3 of the Dungeon.
You were hungry.

You visited 1 branch of the dungeon, and saw 3 of its levels.

You collected 169 gold pieces.

Inventory:

Hand Weapons
 a - a +0 flail (weapon)
Armour
 b - a +0 scale mail (worn)
 c - a +0 shield (worn)
Jewellery
 h - an uncursed ring of protection from cold {unknown}
Wands
 m - a wand of polymorph (7)
Scrolls
 i - 3 scrolls of remove curse
 j - a scroll of teleportation
 p - a scroll of magic mapping {unknown}
Potions
 d - 2 potions of might
 e - 2 potions of curing
 k - a potion of flight {unknown}
 l - a potion of mutation {unknown}
 o - a potion of degeneration {unknown}
Comestibles
 f - 2 bread rations
 g - 2 meat rations
 n - 5 fruits


   Skills:
 - Level 3.2 Fighting
 + Level 5.2 Maces & Flails
 - Level 3.2 Armour
 - Level 3.2 Shields


You had 4 spell levels left.
You didn't know any spells.

Dungeon Overview and Level Annotations

Branches:
Dungeon (3/15)

Altars:


Innate Abilities, Weirdness & Mutations

You are resistant to torment.
Your stone body is resilient. (AC +4)
You are immune to poison.
You resist negative energy. (rN+)
You are resistant to electric shocks. (rElec)
You can survive without breathing.
You are immune to petrification.
You are immune to rotting.


Message History

The orc priest is severely wounded.
The orc priest drinks a potion.
The orc priest is healed!
You block the orc's attack.
You sock the orc priest!
The orc priest is heavily wounded.
You block the orc priest's attack. You block the orc's attack.
You hit the orc priest but do no damage.
The orc priest is heavily wounded.
The orc priest hits you but does no damage.
You block the orc's attack.
The orc priest mumbles some strange prayers to Beogh against you.
Beogh smites you!
* * * LOW HITPOINT WARNING * * *
You are too injured to fight recklessly!
You barely miss the orc priest.
The orc priest is heavily wounded.
The orc barely misses you.
The orc priest calls down the wrath of Beogh upon you.
Beogh smites you!
You die...

#.# #....#. #.#######
..### #..#.#. #.......#
... #..#.#. #.......# ...
#..#<.. ###.......# ...
#..#... ..#.......# #'#
#...... #.#.......# #o#
#...... #.#.##....# #o#
..... #.#.##....# #@#
##+#. #.#.##....# #.# #
#.#.##....# #.#
#.#.##....######.#
..#.#.........##.#
..#.#.........##.#########
......(.......##.#.......#
....#.#.##....##.#.......#
..###.#..#....##.#.......#


You could see an orc priest and an orc.

Vanquished Creatures
  An orc priest (D:3)
  3 adders
  3 worms
  2 leopard geckos
  6 orcs (D:3)
  8 bats
  3 giant cockroaches
  7 goblins
  8 hobgoblins
  6 jackals
  2 quokkas (D:2)
  2 frilled lizards (D:3)
  6 kobolds
  3 rats
60 creatures vanquished.

Notes
Turn   | Place    | Note
-------+----------+-------------------------------------------
     0 | D:1      | vineage the Gargoyle Fighter began the quest for the Orb.
     0 | D:1      | Reached XP level 1. HP: 14/14 MP: 1/1
   265 | D:1      | Reached XP level 2. HP: 19/19 MP: 2/2
   767 | D:2      | Reached skill level 3 in Maces & Flails
   779 | D:2      | Reached XP level 3. HP: 17/23 MP: 3/3
   822 | D:2      | Found a faded altar of an unknown god.
  1189 | D:2      | Reached skill level 4 in Maces & Flails
  1491 | D:3      | Reached XP level 4. HP: 24/28 MP: 4/4
  1689 | D:3      | Reached skill level 5 in Maces & Flails
  1715 | D:3      | Reached XP level 5. HP: 28/32 MP: 5/5
  2052 | D:3      | Killed from afar by an orc priest

Vault maps used:
D:1:      elethiomel_arrival_shortcut
D:2:      chequers_ecumenical_altar_island, first_bread

Skill      XL: |  1  2  3  4 |
---------------+-------------+-----
Maces & Flails | 3 4 5 |  5.2
Fighting       | |  3.2
Armour         | |  3.2
Shields        | |  3.2

Action                   |  1- 3 |  4- 6 || total
-------------------------+-------+-------++-------
Melee: Flail             |   151 |   145 ||   296
  Use: Scroll            |     3 |       ||     3
  Eat: Fruit             |     2 |       ||     2
       Chunk             |       |     2 ||     2
Armor: Scale mail        |    83 |   103 ||   186
       Skin              |     1 |       ||     1
Dodge: Dodged            |    61 |    50 ||   111
Block: Shield            |    77 |    91 ||   168

Table legend:
 A = Spawn XP
 B = Non-spawn XP
 C = Spawn XP percentage of total XP
 D = Spawn monster count
 E = Non-spawn monster count
 F = Spawn count percentage of total count
 G = Total turns spent on level
                    A         B        C        D         E        F      G
               +---------+---------+-------+---------+---------+-------+---------
         Total |       0 |     193 |   0.0 |       0 |      60 |   0.0 |  2052
               +---------+---------+-------+---------+---------+-------+---------
           D:1 |       0 |      11 |   0.0 |       0 |       6 |   0.0 |   729
           D:2 |       0 |      68 |   0.0 |       0 |      28 |   0.0 |   749
           D:3 |       0 |     114 |   0.0 |       0 |      26 |   0.0 |   574
               +---------+---------+-------+---------+---------+-------+---------
